 Dungeon Sprint DCSS version 0.28-a0-1518-gbe868bca14 (webtiles) character file.

Game seed: 6924701830540222020

16172 mhtbhm the Peltast (level 12, -2/82 HPs)
             Began as a Gargoyle Fighter on Jan 16, 2022.
             Was the Champion of Qazlal.
             Slain by an electric golem (5 damage)
             ... in the Dungeon (Sprint VII: "The Pits").
             The game lasted 00:08:38 (2945 turns).

mhtbhm the Peltast (Gargoyle Fighter)               Turns: 2945, Time: 00:08:40

Health: -2/82      AC: 33    Str: 23    XL:     12   Next: 34%
Magic:  21/23      EV: 13    Int: 11    God:    Qazlal [******]
Gold:   39         SH: 16    Dex: 12    Spells: 11/11 levels left

rFire   . . .      SeeInvis .   a - +2 flail (protect)
rCold   . . .      Faith    .   c - +0 buckler
rNeg    + . .      Spirit   .   b - +4 scale mail
rPois   ∞          Reflect  .   (no helmet)
rElec   +          Harm     .   r - +0 cloak
rCorr   .          Rampage  .   (no gloves)
Will    .....      NoTele   +   (no boots)
Stlth   ..........              (no amulet)
HPRegen 0.23/turn               n - +3 ring of protection
MPRegen 0.18/turn               o - +3 ring of dexterity

@: protected from electricity, under a protective aura, studying Dodging, repel
missiles
A: sickness immunity, AC +8, negative energy resistance 1, electricity
resistance, torment resistance 1, petrification resistance
a: Renounce Religion, Upheaval, Elemental Force, Disaster Area


You were in the Dungeon.
You worshipped Qazlal.
Qazlal was exalted by your worship.
You visited 1 branch You collected 39 gold pieces.

Inventory:

Hand Weapons
 a - a +2 flail of protection (weapon)
 C - a +6 broad axe
Missiles
 A - 6 poisoned darts
 D - 3 javelins (quivered)
Armour
 b - a +4 scale mail (worn)
 c - a +0 buckler (worn)
 r - a +0 cloak (worn)
Jewellery
 n - a +3 ring of protection (left hand)
 o - a +3 ring of dexterity (right hand)
 x - a ring of ice
 y - a ring of ice
Wands
 s - a wand of polymorph (8)
Scrolls
 j - 2 scrolls of blinking
 k - 5 scrolls of amnesia
 l - a scroll of summoning
 t - 4 scrolls of enchant weapon
 u - a scroll of identify
 v - 2 scrolls of fog
 w - 3 scrolls of fear
Potions
 d - 4 potions of might
 e - 7 potions of curing
 f - 2 potions of invisibility
 g - 3 potions of haste
 h - 4 potions of magic
 i - a potion of berserk rage
 m - 5 potions of heal wounds
 p - 3 potions of resistance
 q - 4 potions of brilliance
 z - a potion of lignification
 B - a potion of flight {unknown}


   Skills:
 + Level 12.3 Fighting
 + Level 15.2 Maces & Flails
 + Level 12.3 Armour
 + Level 8.5 Dodging
 - Level 1.1 Stealth
 + Level 17.0 Shields
 + Level 2.8 Unarmed Combat
 * Level 15.5 Invocations


You had 11 spell levels left.
You didn't know any spells.
Your spell library contained the following spells:

 Spells                   Type           Power      Damage    Failure   Level
 Tukima's Dance           Hex            0%         N/A       94%         3
 Passage of Golubria      Tloc           0%         N/A       100%        4
 Yara's Violent Unravell  Hex/Tmut       0%         3d3       100%        5


Dungeon Overview and Level Annotations

Branches:
Dungeon (1/1)

Altars:
Ashenzari
Cheibriados
Dithmenos
Elyvilon
Fedhas
Gozag
Hepliaklqana
Kikubaaqudgha
Makhleb
Nemelex Xobeh
Okawaru
Qazlal
Ru
Sif Muna
Trog
Uskayaw
Vehumet
Wu Jian
Xom
Yredelemnul
Zin
The Shining One
Beogh
Jiyva
Lugonu


Innate Abilities, Weirdness & Mutations

You are immune to sickness and miasma.
Your stone body is resilient. (AC +8)
You are immune to poison.
You resist negative energy. (rN+)
You are resistant to electric shocks. (rElec)
You are resistant to unholy torment.
You are immune to petrification.


Message History

The electric golem is engulfed in freezing vapours.
You hit the electric golem.
Your weapon exudes an aura of protection.
The electric golem is severely damaged.
You block the electric golem's attack. x3; The electric golem misses you.
You closely miss the electric golem.
The electric golem is severely damaged.
The electric golem closely misses you. The electric golem barely misses you.
The electric golem hits you. You block the electric golem's attack.
The electric golem hits you but does no damage. x3
You block the electric golem's attack.
You miss the electric golem.
The electric golem is severely damaged.
You block the electric golem's attack.
The electric golem hits you but does no damage. x2
The electric golem hits you.
You closely miss the electric golem.
The electric golem is severely damaged.
You block the electric golem's attack. The electric golem hits you.
The electric golem shocks you. You resist.
* * * LOW HITPOINT WARNING * * *
You block the electric golem's attack.
The electric golem hits you but does no damage.
You hit the electric golem.
The electric golem is severely damaged.
The electric golem hits you.
* * * LOW HITPOINT WARNING * * *
The electric golem shocks you. You resist.
You feel more protected from electricity.
* * * LOW HITPOINT WARNING * * *
You block the electric golem's attack. x2
The electric golem hits you but does no damage.
You miss the electric golem.
The electric golem is severely damaged.
The electric golem hits you.
* * * LOW HITPOINT WARNING * * *
The electric golem shocks you. You resist.
* * * LOW HITPOINT WARNING * * *
The electric golem hits you.
You die...

#+# #.# #'#
######################'#
..○.°°......(.○§@9°....#
.°°°....†.......(.☼....#
#####++##############..#
#..# #..# #..# #..# #..#
#..#


You could see an electric golem.

Vanquished Creatures
  A nagaraja (D)
  A vampire knight (D)
  A green death (D)
  A deep elf high priest (D)
  A boulder beetle (D)
  A hydra (D)
  A death yak (D)
  Urug (D)
  2 flayed ghosts (D)
  A sea snake (D)
  A swamp dragon (D)
  3 lindwurms (D)
  A deep elf pyromancer (D)
  A wizard (D)
  A guardian serpent (D)
  A smoke demon (D)
  A molten gargoyle (D)
  2 orange demons (D)
  A komodo dragon (D)
  An efreet (D)
  A wandering mushroom (D)
  2 guardian mummies (D)
  A tarantella (D)
  Prince Ribbit (D)
  A jumping spider (D)
  A spriggan (D)
  A jumping spider (shapeshifter) (D)
  A wyvern (D)
  A wraith (D)
  2 redbacks (D)
  Menkaure (D)
  A water moccasin (D)
  Pargi (D)
  An ogre (D)
  10 wolves (D)
  A centaur (D)
  A bullfrog (D)
  2 scorpions (D)
  A crimson imp (D)
  A hound (D)
  2 hell rats (D)
  An iguana (D)
  2 mummies (D)
  A gnoll (D)
  A river rat (D)
  A white imp (D)
  An ufetubus (D)
  4 orcs (D)
  A bat zombie (D)
  An endoplasm (D)
  A giant cockroach (D)
  A hobgoblin (D)
  A ball python skeleton (D)
  A giant cockroach zombie (D)
  3 kobolds (D)
  A rat (D)
79 creatures vanquished.

Vanquished Creatures (collateral kills)
  Maurice (D)
  A tyrant leech (D)
  Eustachio (D)
  3 wolves (D)
  A white imp (D)
7 creatures vanquished.

Vanquished Creatures (others)
  A wyvern (D)
1 creature vanquished.

Grand Total: 87 creatures vanquished

Notes
Turn   | Place    | Note
-------+----------+-------------------------------------------
     0 | D        | mhtbhm the Gargoyle Fighter began the quest for the Orb.
     0 | D        | Reached XP level 1. HP: 14/14 MP: 1/1
    11 | D        | Noticed a scorpion
    18 | D        | Killed a scorpion
    19 | D        | Reached skill level 5 in Fighting
    19 | D        | Reached skill level 5 in Armour
    19 | D        | Reached skill level 5 in Shields
    19 | D        | Reached XP level 2. HP: 20/21 MP: 2/2
    19 | D        | Reached XP level 3. HP: 25/26 MP: 3/3
    19 | D        | Reached XP level 4. HP: 30/31 MP: 4/4
    26 | D        | Found a bloodstained altar of Trog.
    26 | D        | Found a shimmering blue altar of Sif Muna.
    26 | D        | Found a viscous altar of Jiyva.
    26 | D        | Found a hazy altar of Hepliaklqana.
    26 | D        | Found an opulent altar of Gozag.
    27 | D        | Found a glowing golden altar of the Shining One.
    27 | D        | Found a glowing silver altar of Zin.
    27 | D        | Found a basalt altar of Yredelemnul.
    27 | D        | Found a shimmering altar of Xom.
    27 | D        | Found an ornate altar of the Wu Jian Council.
    27 | D        | Found a sacrificial altar of Ru.
    27 | D        | Found a stormy altar of Qazlal.
    27 | D        | Found an iron altar of Okawaru.
    27 | D        | Found a sparkling altar of Nemelex Xobeh.
    27 | D        | Found a burning altar of Makhleb.
    27 | D        | Found a blossoming altar of Fedhas.
    27 | D        | Found a white marble altar of Elyvilon.
    27 | D        | Found a shadowy altar of Dithmenos.
    27 | D        | Found a snail-covered altar of Cheibriados.
    31 | D        | Found a radiant altar of Vehumet.
    31 | D        | Found a corrupted altar of Lugonu.
    34 | D        | Found a broken altar of Ashenzari.
    34 | D        | Found an ancient bone altar of Kikubaaqudgha.
    34 | D        | Found a hide-covered altar of Uskayaw.
    38 | D        | Became a worshipper of Qazlal Stormbringer
    90 | D        | Reached * piety under Qazlal
   159 | D        | Noticed Pargi
   159 | D        | Noticed a scorpion
   171 | D        | Killed a scorpion
   171 | D        | Reached ** piety under Qazlal
   172 | D        | Reached skill level 6 in Shields
   172 | D        | Reached XP level 5. HP: 24/37 MP: 5/5
   189 | D        | Killed Pargi
   190 | D        | Reached skill level 5 in Maces & Flails
   190 | D        | Reached skill level 1 in Dodging
   190 | D        | Reached skill level 7 in Shields
   190 | D        | Reached XP level 6. HP: 14/44 MP: 5/8
   458 | D        | Noticed Prince Ribbit
   476 | D        | Reached *** piety under Qazlal
   499 | D        | Reached **** piety under Qazlal
   507 | D        | Killed Prince Ribbit
   508 | D        | Reached skill level 8 in Shields
   508 | D        | Reached skill level 5 in Invocations
   508 | D        | Reached XP level 7. HP: 28/49 MP: 9/11
   641 | D        | Noticed an orange demon
   656 | D        | Killed an orange demon
   657 | D        | Reached skill level 9 in Shields
   657 | D        | Reached XP level 8. HP: 42/55 MP: 12/12
   733 | D        | Reached ***** piety under Qazlal
   748 | D        | Noticed an orange demon
   766 | D        | Killed an orange demon
   894 | D        | Noticed a molten gargoyle
   895 | D        | Noticed a seven-headed hydra
   902 | D        | Killed a seven-headed hydra
   903 | D        | Reached skill level 10 in Maces & Flails
   903 | D        | Reached skill level 10 in Shields
   903 | D        | Reached XP level 9. HP: 61/61 MP: 13/15
   910 | D        | Killed a molten gargoyle
   959 | D        | Noticed Menkaure
   969 | D        | Reached skill level 10 in Fighting
   970 | D        | Killed Menkaure
   970 | D        | Reached ****** piety under Qazlal
  1094 | D        | Noticed a lindwurm
  1108 | D        | Killed a lindwurm
  1109 | D        | Reached skill level 10 in Armour
  1109 | D        | Reached skill level 11 in Shields
  1366 | D        | Noticed a flayed ghost
  1377 | D        | Killed a flayed ghost
  1378 | D        | Reached skill level 10 in Invocations
  1378 | D        | Reached XP level 10. HP: 34/68 MP: 17/17
  1397 | D        | Reached skill level 5 in Dodging
  1551 | D        | Noticed a guardian serpent
  1563 | D        | Reached skill level 1 in Stealth
  1563 | D        | Reached skill level 12 in Shields
  1587 | D        | Killed a guardian serpent
  1768 | D        | Noticed a lindwurm
  1773 | D        | Noticed a lindwurm
  1780 | D        | Noticed a deep elf high priest
  1789 | D        | Killed a lindwurm
  1790 | D        | Reached skill level 13 in Shields
  1794 | D        | Killed a deep elf high priest
  1795 | D        | Reached XP level 11. HP: 37/74 MP: 14/19
  1805 | D        | Killed a lindwurm
  1810 | D        | Reached skill level 14 in Shields
  2124 | D        | Noticed a death yak
  2136 | D        | Noticed a boulder beetle
  2143 | D        | Noticed a deep elf pyromancer
  2149 | D        | Killed a death yak
  2158 | D        | Killed a deep elf pyromancer
  2181 | D        | Killed a boulder beetle
  2182 | D        | Reached skill level 15 in Shields
  2286 | D        | Noticed Maurice
  2286 | D        | Noticed Eustachio
  2292 | D        | Killed Eustachio
  2294 | D        | Killed Maurice
  2300 | D        | Noticed a vampire knight
  2309 | D        | Noticed a sea snake
  2331 | D        | Killed a vampire knight
  2332 | D        | Reached skill level 1 in Unarmed Combat
  2333 | D        | Killed a sea snake
  2585 | D        | Noticed Urug
  2586 | D        | Noticed a nagaraja
  2603 | D        | Killed Urug
  2604 | D        | Reached skill level 16 in Shields
  2608 | D        | Killed a nagaraja
  2609 | D        | Reached skill level 15 in Maces & Flails
  2609 | D        | Reached XP level 12. HP: 76/81 MP: 22/22
  2693 | D        | Reached skill level 15 in Invocations
  2737 | D        | Noticed a green death
  2749 | D        | Killed a green death
  2756 | D        | Reached skill level 17 in Shields
  2888 | D        | Noticed an electric golem
  2945 | D        | HP: 3/82 [electric golem (5)]
  2945 | D        | Slain by an electric golem

Illustrated notes

Levels and vault maps discovered:
D:        pitsprint [storerooms_1, entrance_room_1, metal_vault_8, armoury_1,
          mini_pit_1, grid_room_1, main_hall_1, silver_pit, the_coven_3,
          the_vestibule_1, steel_vault_2, golden_pit, hallway_of_sentries,
          crystal_vault_3, iron_vault_4, final_vault]

Skill      XL: |  1  2  3  4  5  6  7  8  9 10 11 12 |
---------------+-------------------------------------+-----
Fighting       | 5 6 7 8 9 10 11 12 | 12.3
Maces & Flails | 3 4 5 7 8 10 12 13 15 | 15.2
Armour         | 5 6 7 8 9 10 11 12 | 12.3
Shields        | 5 6 7 8 9 10 11 13 16 17 | 17.0
Dodging        | 1 2 3 4 5 7 8 |  8.5
Invocations    | 2 5 6 8 10 11 14 15 | 15.5
Stealth        | 1 |  1.1
Unarmed Combat | 2 |  2.8

Action                   |  1- 3 |  4- 6 |  7- 9 | 10-12 || total
-------------------------+-------+-------+-------+-------++-------
Melee: Flail             |     5 |    36 |    87 |   271 ||   399
       Mace              |       |    52 |       |       ||    52
       Unarmed           |       |       |       |    17 ||    17
Throw: Javelin           |       |       |       |     3 ||     3
Invok: Elemental Force   |       |       |     1 |     5 ||     6
       Upheaval          |       |       |       |     2 ||     2
  Use: Potion            |     1 |     2 |     1 |     5 ||     9
 Stab: Paralysed         |       |       |       |     2 ||     2
Armor: Scale mail        |     3 |    63 |    30 |   153 ||   249
       Chain mail        |       |    21 |    24 |       ||    45
Dodge: Dodged            |     3 |    48 |    39 |   103 ||   193
       Repelled          |       |       |     1 |     1 ||     2
Block: Buckler           |       |    45 |    53 |   218 ||   316
       Other             |       |       |       |     4 ||     4

Table legend: (Time is in decaauts)
 A = Elapsed time spent in this place.
 B = Non-inter-level travel time spent in this place.
 C = Inter-level travel time spent in this place.
 D = Time resting spent in this place.
 E = Time spent auto-exploring this place.
 F = Levels seen in this place.
 G = Mean time per level.
                   A        B        C        D        E       F      G
               +--------+--------+--------+--------+--------+-----+--------+
         Total |   2914 |   2914 |      0 |   1760 |      0 |   1 | 2914.0 |
       Dungeon |   2914 |   2914 |      0 |   1760 |      0 |   1 | 2914.0 |
               +--------+--------+--------+--------+--------+-----+--------+

Top non-repeatable levels by time:
       D: 2914 daAuts
